 Dungeon Crawl Stone Soup version 0.27-a0-13-g87abb2d9eb (webtiles) character file.

Game seed: 13474933604581746574

1364 Jabob the Spear-Bearer (level 8, -1/64 HPs)
             Began as a Human Monk on Dec 28, 2020.
             Slain by a white imp (2 damage)
             ... on level 6 of the Dungeon on Jan 2, 2021.
             The game lasted 00:14:18 (6727 turns).

Jabob the Spear-Bearer (Human Monk)                 Turns: 6727, Time: 00:14:19

Health: -1/64      AC:  9    Str: 13    XL:     8   Next: 96%
Magic:  8/8        EV: 10    Int: 17    God:
Gold:   494        SH:  0    Dex: 16    Spells: 7/7 levels left

rFire    . . .     SeeInvis .   a - +2 spear (vorpal)
rCold    . . .     Faith    .   (no shield)
rNeg     . . .     Spirit   .   s - +0 scale mail
rPois    .         Reflect  .   y - +1 helmet
rElec    .         Harm     .   (no cloak)
rCorr    .         Rampage  .   (no gloves)
Will     .....                  (no boots)
Stlth    +.........             (no amulet)
HPRegen  0.20/turn              v - +6 ring of intelligence
MPRegen  0.11/turn              (no ring)

@: no status effects
A: no striking features
a: no special abilities


You were on level 6 of the Dungeon.
You visited 1 branch of the dungeon, and saw 6 of its levels.

You collected 494 gold pieces.

Inventory:

Hand Weapons
 a - a +2 vorpal spear (weapon)
 b - a +0 hunting sling
Missiles
 d - 10 sling bullets
 e - 118 stones
 g - 22 poisoned darts (quivered)
 q - 7 javelins
 z - 3 boomerangs
Armour
 r - a +0 chain mail
 s - a +0 scale mail (worn)
 y - a +1 helmet (worn)
Jewellery
 v - a +6 ring of intelligence (left hand)
Wands
 t - a wand of iceblast (9)
 A - a wand of acid (3)
Scrolls
 k - a scroll of immolation {unknown}
 l - a scroll of amnesia {unknown}
 m - 4 scrolls of remove curse
 u - a scroll of enchant weapon {unknown}
 C - a scroll of random uselessness {unknown}
Potions
 c - 3 potions of attraction
 f - 3 potions of curing {unknown}
 j - 2 potions of might
 n - 6 potions of degeneration {unknown}
 o - a potion of berserk rage
 p - 5 potions of haste {unknown}
 w - 2 potions of heal wounds {unknown}
 x - a potion of lignification
 B - a potion of resistance


   Skills:
 + Level 6.1 Fighting
 * Level 8.2 Polearms
 + Level 3.8 Armour
 - Level 3.2 Dodging
 - Level 2.1 Stealth


You had 7 spell levels left.
You didn't know any spells.
Your spell library was empty.

Dungeon Overview and Level Annotations

Branches:
Dungeon (6/15)
 Temple: D:4-7

Altars:
Okawaru
Trog
Vehumet


Message History

You destroy Menkaure!
The white imp gestures at you. The puff of frost hits you!
* * * LOW HITPOINT WARNING * * *
The white imp hits you but does no damage.
You hit the white imp.
The white imp is heavily wounded.
The white imp hits you.
* * * LOW HITPOINT WARNING * * *
The white imp freezes you.
* * * LOW HITPOINT WARNING * * *
You hit the white imp but do no damage.
The white imp is heavily wounded.
The white imp barely misses you.
Evoke which item? (* to show all) (? for menu, Esc to quit)
Aiming: Corrosive Bolt
Press: ? - help, Shift-Dir - straight line, f - white imp
Aim: a white imp (heavily wounded, 29% to evade)
The bolt of acid misses the white imp.
The white imp hits you.
You die...

* *#..#*#.#..# ###...##.# *
*#..#* #.##.# #.....##.# *
*#..#* #.##.####.#...##.# *
*..######.##.#....#...#*,*
*****..............########*,*
**,,,,,######..#.### *,*
,,,,,,** ##.#.# *,*** ,*,,***
#.#.# *,,,* ,,,** #.#@#* ***,*
*,,*** #.#5.# *,* ,,,,,###**
#.##.#* *,* ****,,...* #<#*..*
*,* ****#.#* #.#*#.# *,*
#..####.# *.# *,*
*#.<.##.###.## *,* *******
###.........#* *,* ,,,,,,*
####.##.#..# *,*


You could see a white imp.

Vanquished Creatures
  Sigmund (D:5)
  Menkaure (D:6)
  An ice beast (D:5)
  An ogre (D:5)
  A scorpion (D:5)
  6 wights
  A centaur zombie (D:4)
  4 orc priests
  Crazy Yiuf (D:5)
  A bullfrog skeleton (D:4)
  2 orc wizards (D:4)
  A centaur skeleton (D:5)
  An iguana (D:4)
  3 worker ants
  A hound zombie (D:3)
  A worker ant zombie (D:2)
  3 gnolls
  3 adders
  A white imp (D:5)
  An ooze (D:5)
  2 worms
  2 dart slugs (D:1)
  4 leopard geckos
  16 orcs
  11 bats
  2 bat zombies (D:2)
  3 giant cockroaches
  11 goblins
  8 hobgoblins
  6 jackals
  A quokka (D:4)
  2 ball pythons (D:3)
  A ball python zombie (D:2)
  3 frilled lizards
  A giant cockroach zombie (D:5)
  10 kobolds
  A leopard gecko skeleton (D:2)
  3 leopard gecko zombies (D:2)
  2 quokka skeletons
  11 rats
135 creatures vanquished.

Vanquished Creatures (others)
  24 plants (D:4)
  3 withered plants (D:2)
27 creatures vanquished.

Grand Total: 162 creatures vanquished

Notes
Turn   | Place    | Note
-------+----------+-------------------------------------------
     0 | D:1      | Jabob the Human Monk began the quest for the Orb.
     0 | D:1      | Reached XP level 1. HP: 18/18 MP: 1/1
    92 | D:1      | Reached XP level 2. HP: 23/24 MP: 2/2
   570 | D:1      | Upgraded the game from 0.26-a0-1191-ge2a0e31ab3 to
                  | 0.26-a0-1213-gd52f5182fe
   570 | D:1      | Upgraded the game from 0.26-a0-1213-gd52f5182fe to
                  | 0.27-a0-13-g87abb2d9eb
   765 | D:1      | Reached XP level 3. HP: 25/29 MP: 3/3
  1275 | D:1      | Reached XP level 4. HP: 26/35 MP: 4/4
  1358 | D:2      | Reached skill level 4 in Polearms
  2157 | D:2      | Reached XP level 5. HP: 33/42 MP: 5/5
  2341 | D:2      | Found a radiant altar of Vehumet.
  2578 | D:3      | HP: 2/42 [poisoned by a worker ant]
  2586 | D:3      | HP: 1/42 [poisoned by a worker ant]
  3394 | D:3      | Reached skill level 5 in Polearms
  3695 | D:5      | Entered Level 5 of the Dungeon
  3807 | D:4      | Reached XP level 6. HP: 45/48 MP: 6/6
  4472 | D:4      | Reached skill level 6 in Polearms
  4472 | D:4      | Reached skill level 1 in Armour
  4472 | D:4      | Reached XP level 7. HP: 39/55 MP: 7/7
  4770 | D:4      | Found a bloodstained altar of Trog.
  5117 | D:5      | Reached skill level 5 in Fighting
  5358 | D:5      | Noticed Sigmund
  5506 | D:5      | Reached XP level 8. HP: 57/62 MP: 8/8
  5520 | D:5      | Reached skill level 7 in Polearms
  5887 | D:5      | Killed Sigmund
  6080 | D:5      | Found a runed translucent door.
  6081 | D:5      | Noticed Crazy Yiuf
  6095 | D:5      | Killed Crazy Yiuf
  6505 | D:6      | Reached skill level 8 in Polearms
  6650 | D:6      | Found an iron altar of Okawaru.
  6709 | D:6      | Noticed Menkaure
  6723 | D:6      | Killed Menkaure
  6725 | D:6      | HP: 3/64 [white imp (2)]
  6725 | D:6      | HP: 1/64 [white imp (2)]
  6727 | D:6      | Slain by a white imp

Illustrated notes

Levels and vault maps discovered:
D:1:      sevenhm_arrival_forest_fort_small_6, layout_loops_ring
D:2:      layout_loops_ring, nicolae_overflow_hidden_temple, serial_undead,
          serial_undead_a, serial_undead_b, serial_undead_b, serial_undead_f,
          serial_undead_e, serial_undead_b, serial_undead_f, serial_undead_f
D:3:      cheibrodos_greedy_goblins, layout_basic
D:4:      wad_woods_pond, layout_basic, bloody_trog
D:5:      minmay_evil_eye, layout_loops_ring, uniq_sigmund,
          uniq_crazy_yiuf_cottage
D:6:      layout_rooms, old_standard_altar, uniq_menkaure, uniq_eustachio

Skill      XL: |  1  2  3  4  5  6  7  8 |
---------------+-------------------------+-----
Polearms       | 4 5 6 8 |  8.2
Fighting       | 4 5 6 |  6.1
Armour         | 1 2 3 |  3.8
Dodging        | |  3.2
Stealth        | |  2.1

Action                   |  1- 3 |  4- 6 |  7- 9 || total
-------------------------+-------+-------+-------++-------
Melee: Spear             |    94 |   311 |   226 ||   631
Evoke: Wand              |       |       |     1 ||     1
  Use: Scroll            |       |     2 |     4 ||     6
 Stab: Sleeping          |    10 |    10 |       ||    20
       Distracted        |     1 |     1 |       ||     2
Armor: Robe              |     6 |    29 |       ||    35
       Scale mail        |       |    16 |    40 ||    56
Dodge: Dodged            |    46 |   168 |    65 ||   279

Table legend: (Time is in decaauts)
 A = Elapsed time spent in this place.
 B = Non-inter-level travel time spent in this place.
 C = Inter-level travel time spent in this place.
 D = Time resting spent in this place.
 E = Time spent auto-exploring this place.
 F = Levels seen in this place.
 G = Mean time per level.
                   A        B        C        D        E       F      G
               +--------+--------+--------+--------+--------+-----+--------+
         Total |   6634 |   6369 |    265 |   2446 |   2686 |   6 | 1105.7 |
       Dungeon |   6634 |   6369 |    265 |   2446 |   2686 |   6 | 1105.7 |
               +--------+--------+--------+--------+--------+-----+--------+

Top non-repeatable levels by time:
     D:4: 1498 daAuts
     D:1: 1339 daAuts
     D:3: 1201 daAuts
     D:2: 1180 daAuts
     D:5: 1138 daAuts
     D:6: 275 daAuts
